AoeStats
← JVzer0

Nomad

506218371Analyzed
4v4 RM · 19d ago on Sep 12, 2026· 62m 9s· 8 players
Game mode
Random Map
Map size
231×231
Population
200
Speed
Normal
Resources
Standard
Victory
Conquest
Starting age
Dark Age
Ending age
Imperial Age
RankedLock teamsTeams togetherTeam positionsShared explorationLock speedFull tech treeHidden civsTurbo modeCheats
Victory
Defeat
🇦🇷 Hindustanis · Argentina
948
+16
🇦🇷 Vietnamese · Argentina
944
+17
🇦🇷 Huns · Argentina
931
+17
🇦🇷 Vikings · Argentina
861
+21
🇳🇱 Spanish · Netherlands
980
-19
🇺🇸 Persians · United States
956
-18
🇱🇺 Burgundians · Luxembourg
947
-17
🇫🇷 Teutons · France
942
-17
JVzer0
9:43 Loom
13:41 Feudal Age
15:14 Wheelbarrow
14:40 Fishing Lines
19:48 Bloodlines
25:44 Castle Age
23:34 Town Watch
26:49 Husbandry
28:24 Gold Mining
29:23 Scale Barding Armor
30:44 Hand Cart
30:21 Crossbowman
34:53 Thumb Ring
38:43 Fletching
39:15 Chain Barding Armor
38:56 Padded Archer Armor
38:51 Stone Mining
41:16 Bodkin Arrow
41:38 Leather Archer Armor
42:01 Town Patrol
43:57 Forging
47:08 Imperial Age
45:32 Gillnets
47:22 Iron Casting
48:08 Plate Barding Armor
47:43 Cavalier
50:46 Blast Furnace
Voobly
8:21 Loom
13:54 Double-Bit Axe
18:59 Feudal Age
20:37 Bow Saw
25:54 Gold Mining
28:23 Fletching
28:44 Forging
34:32 Castle Age
35:03 Gold Shaft Mining
36:34 Scale Barding Armor
36:16 Horse Collar
36:37 Cavalier
38:08 Bodkin Arrow
40:54 Iron Casting
40:39 Husbandry
45:21 Stone Mining
aclcbrn
6:24 Loom
15:25 Feudal Age
15:56 Double-Bit Axe
16:13 Gold Mining
16:13 Fishing Lines
24:29 Castle Age
23:52 Stone Mining
28:34 Stone Shaft Mining
28:44 Town Watch
34:05 Imperial Age
39:53 Chemistry
38:34 Demolition Ship
Rislo69
14:49 Feudal Age
23:48 Castle Age
21:34 Horse Collar
21:42 Double-Bit Axe
41:23 Imperial Age
41:03 Wheelbarrow
40:14 Town Watch
40:17 Loom
41:09 Wheelbarrow
42:35 Conscription
43:57 Forging
44:35 Hand Cart
48:04 Scale Mail Armor
48:32 Elite Teutonic Knight
51:15 Chain Mail Armor
51:35 Iron Casting
eu bata6625
10:37 Loom
14:44 Feudal Age
16:59 Stone Mining
17:53 Fletching
20:12 Horse Collar
31:36 Castle Age
32:41 Bodkin Arrow
37:18 Pikeman
53:50 Imperial Age
53:49 Forging
53:45 Scale Barding Armor
55:24 Conscription
54:24 Elite Tarkan
56:06 Iron Casting
58:18 Wheelbarrow
bebbeeee
7:12 Loom
14:25 Feudal Age
19:23 Castle Age
17:24 Double-Bit Axe
36:13 Wheelbarrow
43:12 Imperial Age
42:29 Wheelbarrow
43:01 Horse Collar
46:50 Bow Saw
51:36 Two-Man Saw
51:52 Crossbowman
52:38 Thumb Ring
53:57 Thumb Ring
55:45 Illumination
55:39 Block Printing
56:49 Light Cavalry
57:40 Bloodlines
57:31 Husbandry
SOKOTREKE
11:15 Loom
14:00 Feudal Age
15:16 Wheelbarrow
14:27 Double-Bit Axe
14:24 Fishing Lines
21:00 Castle Age
19:23 Forging
21:01 Gold Mining
21:06 Stone Mining
22:06 Hand Cart
23:37 Horse Collar
29:57 Elite Skirmisher
31:54 Fletching
32:08 Padded Archer Armor
35:20 Imperial Age
34:23 Gillnets
41:43 Chemistry
42:16 Ballistics
45:24 Elite Fire Lancer
46:23 Scale Mail Armor
49:30 Iron Casting
50:09 Squires
51:18 Chain Mail Armor
52:41 Plate Mail Armor
52:09 Bodkin Arrow
54:59 Town Watch
56:19 Bloodlines
56:12 Husbandry
57:44 Stone Shaft Mining
57:32 Spies/Treason
Djsanty8183
5:13 Loom
18:46 Feudal Age
19:14 Town Watch
25:00 Castle Age
23:25 Double-Bit Axe
23:31 Fishing Lines
25:38 Forging
25:32 Scale Mail Armor
25:40 Pikeman
26:22 Squires
26:08 Gambesons
27:37 Gillnets
30:46 Horse Collar
31:17 Arson
31:43 Scale Barding Armor
32:47 Stone Mining
32:48 Gold Mining
33:56 Iron Casting
34:55 Gold Shaft Mining
37:53 Chieftains
37:57 Fletching
38:29 Chain Barding Armor
38:10 Padded Archer Armor
39:00 Town Patrol
39:01 Bodkin Arrow
39:29 Bow Saw
39:21 Heavy Plow
39:50 Ballistics
42:45 Imperial Age
42:09 Chain Mail Armor
42:12 Leather Archer Armor
44:15 Bracer
45:16 Blast Furnace
44:47 Ring Archer Armor
43:55 Cavalier
46:18 Chemistry
46:22 Elite Berserk
50:39 Man-at-Arms
52:17 Plate Mail Armor
51:29 Long Swordsman
52:35 Two-Handed Swordsman
54:45 Hoardings
53:34 Champion
Connection lost

Rejoining the realm…

Still unreachable

The connection could not be restored.

Session expired

The server has moved on; the page needs a fresh start.